nht, neutral male gnomish Tourist ---------------- ...............| |.v............| -.<.............###@#---- -- |..............| a%a..%.- ---------------- |aa%....| ..a%.%%| ..%%%%| ..%.--- ----- nht the Excursionist Experience level: 8 Strength: 25 Dexterity: 11 Constitution: 15 Intelligence: 13 Wisdom: 9 Charisma: 15 Health: 0(64) Energy: 32(32) Def: 6 Gold: 2346 Moves: 5676 Dungeon seed: 6Fn2K0pts_3XQhED Game ID: nht_1433144390 Your Inventory: Coins $ - 2346 gold pieces Amulets H - an uncursed amulet versus poison K - an uncursed amulet of reflection (being worn) Weapons a - the rustproof +0 Mjollnir (weapon in hand) P - 28 +2 darts (in quiver) Armor e - an uncursed +0 Hawaiian shirt (being worn) q - an uncursed +0 pair of gauntlets of power (being worn) r - an uncursed +0 dwarvish cloak (being worn) Q - an uncursed +0 elven mithril-coat (being worn) Comestibles d - 2 uncursed food rations l - an uncursed lembas wafer Potions c - an uncursed potion of water Rings S - an uncursed ring of teleportation Wands g - a wand of sleep (0:5) h - a wand of probing (0:3) j - a wand of cancellation (0:3) n - a wand of digging (0:8) s - a wand of digging (0:4) B - a wand of magic missile (0:3) E - a wand of striking (0:2) F - a wand of secret door detection (0:6) J - a wand of light (0:14) L - a wand of cold (0:2) M - a wand of secret door detection (0:15) Tools b - an uncursed oilskin sack i - an uncursed magic lamp k - an expensive camera (0:54) t - an uncursed towel v - an uncursed credit card N - a magic marker (0:80) O - an uncursed pair of lenses R - an uncursed magic whistle Contents of the oilskin sack: 2 blessed scrolls of blank paper 7 uncursed scrolls of blank paper a cursed scroll of blank paper an uncursed scroll of confuse monster a cursed scroll of create monster 3 uncursed scrolls of earth 5 uncursed scrolls of enchant armor 2 uncursed scrolls of enchant weapon a cursed scroll of gold detection 9 uncursed scrolls of identify an uncursed scroll of magic mapping a cursed scroll of punishment a blessed scroll of remove curse an uncursed scroll of remove curse an uncursed scroll of remove curse 2 uncursed scrolls of stinking cloud 2 uncursed scrolls of taming a blessed scroll of teleportation an uncursed scroll of teleportation an uncursed spellbook of drain life an uncursed spellbook of magic mapping an uncursed potion of booze an uncursed potion of gain level a potion of holy water an uncursed potion of levitation an uncursed +1 ring of adornment an uncursed -1 ring of adornment a cursed ring of aggravate monster an uncursed ring of cold resistance an uncursed ring of cold resistance an uncursed ring of fire resistance a cursed -1 ring of increase damage a wand of create monster (0:3) a wand of lightning (0:0) Spells known in the end: Name Level Category Fail Memory a - knock 1 matter 100% 73% Your skills at the end: Fighting Skills Weapon Skills dart [Skilled] Spellcasting Skills Final Attributes: You were fervently aligned. You were fire resistant. You were cold resistant. You were telepathic. You had infravision. You had reflection. You were lucky. You are dead. Vanquished creatures: a giant mimic a winter wolf a small mimic a leocrotta a red naga a leather golem a chameleon a giant beetle a quivering blob a winter wolf cub 2 leprechauns a giant spider a brown pudding a rust monster a jaguar a blue jelly a gnome mummy a snake 3 apes a bugbear 3 Uruk-hai 3 rock moles 2 yellow lights 2 shriekers a violet fungus 6 elf zombies a straw golem 3 giant ants 3 floating eyes 2 kittens 3 homunculi a kobold lord 6 hill orcs 3 giant bats a Kop Sergeant a monkey 4 orc zombies 7 dwarf zombies 2 iguanas 14 killer bees an acid blob a coyote 3 hobbits a large kobold 2 hobgoblins 7 giant rats a cave spider 3 brown molds a yellow mold a green mold 4 red molds a Keystone Kop 3 garter snakes 6 manes a gnome zombie 4 geckos 13 jackals 4 foxen 2 kobolds 8 sewer rats 18 grid bugs a bat 8 lichens 2 kobold zombies 8 newts 195 creatures vanquished. Voluntary challenges: You used a wielded weapon 34 times, starting on turn 97. You read items or engraved 37 times, starting on turn 1. You never genocided any monsters. You never polymorphed an object. You never changed form. You completed Sokoban on turn 3829, according to the rules. You used no wishes. You never split a pudding. You wrote Elbereth's name 15 times, starting on turn 23. You violated your moral code, losing 2 points of alignment, starting on turn 4533. You disabled loading bones files. Dungeon overview: The Dungeons of Doom: levels 1 to 12 Level 1 an altar to Blind Io, a fountain a long staircase Level 2 a scroll shop, a sink Level 3 stairs to The Gnomish Mines Level 4 some fountains Level 5 Level 6 some fountains stairs to Sokoban Level 7 Level 8 a fountain Level 9 (chauns) an altar to The Lady, some fountains Level 10 Level 11 (quest) a hardware shop, some fountains a magic portal Level 12 (bees) <- You were here The Gnomish Mines: levels 4 to 7 Level 4 stairs to The Dungeons of Doom Level 5 Level 6 Level 7 some shops, a temple to Offler, a fountain Sokoban: levels 2 to 5 Level 2 Level 3 Level 4 Level 5 stairs to The Dungeons of Doom History has recorded: On T:1 you entered the Dungeons of Doom to retrieve the Amulet of Yendor! On T:38 you reached level 2 of The Dungeons of Doom. On T:171 you advanced to experience level 2. On T:179 you reached level 3 of The Dungeons of Doom. On T:228 you reached level 1 of The Gnomish Mines. On T:266 you reached level 2 of The Gnomish Mines. On T:284 you advanced to experience level 3. On T:364 you reached level 3 of The Gnomish Mines. On T:368 you advanced to experience level 4. On T:532 you reached level 4 of The Gnomish Mines. On T:607 you advanced to experience level 5. On T:752 you advanced to experience level 6. On T:997 you reached level 4 of The Dungeons of Doom. On T:1164 you reached level 5 of The Dungeons of Doom. On T:1312 you reached level 6 of The Dungeons of Doom. On T:1552 you reached level 7 of The Dungeons of Doom. On T:1622 you reached level 4 of Sokoban. On T:1878 you reached level 3 of Sokoban. On T:2419 you reached level 2 of Sokoban. On T:2853 you reached level 1 of Sokoban. On T:3088 you advanced to experience level 7. On T:3829 you entered the Sokoban zoo. On T:4422 you reached level 8 of The Dungeons of Doom. On T:4486 you reached level 9 of The Dungeons of Doom. On T:5054 you advanced to experience level 8. On T:5069 you received Mjollnir from The Lady. On T:5183 you reached level 10 of The Dungeons of Doom. On T:5326 you reached level 11 of The Dungeons of Doom. On T:5491 you reached level 12 of The Dungeons of Doom. Score breakdown: Gold: 2035 (11255 points) Experience: 8 levels (14739 points) Exploration: 12 levels ( 26.09%) (14832 points) Discoveries: 41 items ( 13.76%) (11127 points) Valuables value: (no points given unless you survive) Artifact value: 4000 (12253 points) Variety of kills: 65 monsters ( 17.15%) (12423 points) Time penalty: 5676 turns (-1541 points) Survival: died (score multiplied by 80%) Total score: 60070 Latest messages: "Thank you for shopping in Niskal's hardware store!" You put a blessed clear potion into the bag called oil?. You put an uncursed +1 ring of adornment into the bag called oil?. You put a cursed engagement ring into the bag called oil?. You put an uncursed ring of cold resistance into the bag called oil?. You put a wooden ring into the bag called oil?. You put a ring of adornment into the bag called oil?. You put an uncursed ring of cold resistance into the bag called oil?. You put a cursed gold ring into the bag called oil?. You put a wand of lightning (0:0) into the bag called oil?. You put an uncursed wand of create monster into the bag called oil?. You put a blessed scroll of teleportation into the bag called oil?. You put a scroll called rc/ea (unpaid, 141 zorkmids) into the bag called oil?. You put a blessed scroll called rc/ea into the bag called oil?. You put a potion of levitation (unpaid, 266 zorkmids) into the bag called oil?. You put an uncursed velvet spellbook into the bag. You put a blessed clear potion into the bag. You put an uncursed +1 ring of adornment into the bag. You put a cursed engagement ring into the bag. You put an uncursed ring of cold resistance into the bag. (2x) You put a cursed gold ring into the bag. The massive hammer hits! Lightning strikes the killer bee! You kill the killer bee! The queen bee stings! You die... Final status: Aloha nht the Tourist, killed by a queen bee... You died in The Dungeons of Doom on dungeon level 12 with 60070 points, and 2346 pieces of gold, after 5676 moves. You were level 8 with a maximum of 64 hit points when you died.